[ PARTIDA AOE2 · #505139528 ]
UnrankedVietnamitas vs Magyars
Equipo del jugador · VICT
Equipo rival · DERR
[ ANÁLISIS DE REPETICIÓN · EXTRAÍDO DE LA PARTIDA GRABADA ]
Feudal
14:24
Castillos
17:55
Imperial
47:59
| APM promedio | 41.5 |
| APM pico | 85 |
| eAPM promedio | 25.2 |
| Aldeanos / militares | 192 / 160 |
Foco
⚔️ 33.5% · 🌾 66.5%
Spearman ×37 · Archer ×31 · Rattan Archer ×31 · Battle Elephant ×19 · Monk ×18 · Mangonel ×17
Feudal
8:34
Castillos
22:11
Imperial
43:05
| APM promedio | 65.5 |
| APM pico | 114 |
| eAPM promedio | 36.5 |
| Aldeanos / militares | 173 / 93 |
Foco
⚔️ 56.9% · 🌾 43.1%
Skirmisher ×37 · Archer ×32 · Scout Cavalry ×11 · Monk ×4 · Mangonel ×4 · Magyar Huszar ×2
Mapa de la partida
Recursos iniciales + cada clic de construcción. Líneas = muros · curvas = relieve. ◆ oro · ⬟ piedra · ● bayas · ✦ reliquia · ◌ hueco del cierre
Tu base· ✓ Cerrada en 17:55 · 46t muro · 1 puerta(s)
Base de Marta· Abierta — el rival se encerró
Terreno inicial suavizado · ◌ = hueco del cierre detectado · pasá el cursor para detalles
Inputs por minuto
— lapoejs - - Marta
Build order — lapoejs
Primeras 150 de 526 acciones detectadas
| 0:01 | Encolar | Villager (Male) ×4 |
| 0:03 | Construir | House |
| 0:04 | Construir | House |
| 1:29 | Encolar | Villager (Male) |
| 1:44 | Construir | Lumber Camp |
| 2:01 | Encolar | Villager (Male) |
| 2:18 | Encolar | Villager (Male) |
| 2:18 | Encolar | Villager (Male) |
| 2:46 | Encolar | Villager (Male) |
| 3:11 | Encolar | Villager (Male) |
| 3:41 | Encolar | Villager (Male) |
| 3:41 | Encolar | Villager (Male) |
| 4:06 | Encolar | Villager (Male) |
| 4:06 | Encolar | Villager (Male) |
| 4:17 | Investigar | Loom |
| 4:18 | Construir | House |
| 4:42 | Construir | Barracks |
| 4:50 | Encolar | Villager (Male) |
| 4:50 | Encolar | Villager (Male) |
| 4:50 | Encolar | Villager (Male) |
| 5:29 | Encolar | Villager (Male) |
| 5:32 | Construir | House |
| 5:37 | Construir | Palisade Wall |
| 5:44 | Encolar | Militia |
| 5:44 | Encolar | Militia |
| 5:44 | Encolar | Militia |
| 6:16 | Encolar | Villager (Male) |
| 6:34 | Construir | Palisade Wall |
| 6:36 | Construir | Palisade Wall |
| 6:52 | Encolar | Villager (Male) |
| 7:01 | Construir | Mill |
| 7:13 | Encolar | Villager (Male) |
| 7:13 | Encolar | Villager (Male) |
| 7:13 | Encolar | Villager (Male) |
| 7:18 | Construir | House |
| 7:22 | Construir | House |
| 7:42 | Construir | Farm |
| 8:14 | Construir | Farm |
| 8:23 | Construir | Farm |
| 8:28 | Encolar | Villager (Male) |
| 8:38 | Construir | Palisade Wall |
| 8:47 | Encolar | Villager (Male) |
| 8:51 | Construir | House |
| 9:07 | Encolar | Villager (Male) |
| 9:10 | Encolar | Villager (Male) |
| 9:57 | Construir | Palisade Wall |
| 9:59 | Construir | Palisade Wall |
| 10:00 | Construir | Palisade Wall |
| 10:04 | Construir | Palisade Wall |
| 10:05 | Construir | Palisade Wall |
| 10:09 | Construir | Palisade Wall |
| 10:11 | Encolar | Villager (Male) |
| 10:14 | Construir | Farm |
| 10:28 | Construir | Palisade Gate |
| 10:32 | Encolar | Villager (Male) |
| 10:40 | Encolar | Villager (Male) |
| 10:45 | Construir | Farm |
| 10:55 | Construir | Mining Camp |
| 11:14 | Construir | Farm |
| 11:18 | Construir | Palisade Wall |
| 11:26 | Encolar | Villager (Male) |
| 11:31 | Construir | Farm |
| 12:14 | Investigar | Feudal Age |
| 12:20 | Construir | Lumber Camp |
| 12:36 | Encolar | Villager (Male) |
| 12:36 | Encolar | Villager (Male) |
| 14:24 | Edad | Edad Feudal |
| 14:25 | Construir | Market |
| 14:29 | Construir | Blacksmith |
| 14:54 | Construir | House |
| 15:15 | Investigar | Castle Age |
| 15:33 | Investigar | Double-Bit Axe |
| 16:00 | Construir | House |
| 16:10 | Investigar | Gold Mining |
| 16:50 | Construir | House |
| 17:01 | Construir | House |
| 17:25 | Investigar | Horse Collar |
| 17:29 | Construir | Farm |
| 17:31 | Encolar | Villager (Male) |
| 17:55 | Edad | Edad de los Castillos |
| 17:56 | Construir | Siege Workshop |
| 17:59 | Construir | Monastery |
| 18:13 | Construir | Watch Tower |
| 18:27 | Investigar | Fletching |
| 18:27 | Investigar | Fletching |
| 18:29 | Construir | Farm |
| 18:43 | Encolar | Mangonel |
| 18:44 | Encolar | Mangonel |
| 19:05 | Encolar | Monk |
| 19:06 | Construir | House |
| 19:56 | Encolar | Villager (Male) |
| 19:56 | Encolar | Villager (Male) |
| 19:56 | Encolar | Villager (Male) |
| 19:57 | Encolar | Villager (Male) |
| 19:58 | Encolar | Monk |
| 19:59 | Encolar | Monk |
| 20:26 | Encolar | Scorpion |
| 20:27 | Encolar | Villager (Male) |
| 20:27 | Encolar | Villager (Male) |
| 20:38 | Encolar | Villager (Male) |
| 20:56 | Encolar | Spearman |
| 20:56 | Encolar | Spearman |
| 21:20 | Encolar | Monk |
| 21:38 | Encolar | Mangonel |
| 21:39 | Encolar | Mangonel |
| 21:40 | Encolar | Villager (Male) |
| 22:17 | Encolar | Spearman |
| 22:17 | Encolar | Spearman |
| 22:44 | Encolar | Mangonel |
| 22:44 | Encolar | Mangonel |
| 22:48 | Encolar | Monk |
| 22:52 | Encolar | Spearman |
| 23:06 | Encolar | Villager (Male) |
| 24:06 | Encolar | Villager (Male) |
| 24:07 | Encolar | Mangonel |
| 24:23 | Encolar | Villager (Male) |
| 24:29 | Construir | Town Center |
| 25:31 | Encolar | Villager (Male) |
| 25:50 | Construir | Farm |
| 25:51 | Construir | Farm |
| 25:51 | Construir | Farm |
| 25:51 | Construir | Farm |
| 25:51 | Construir | Farm |
| 25:51 | Construir | Farm |
| 25:52 | Construir | Farm |
| 26:08 | Encolar | Monk |
| 26:08 | Encolar | Monk |
| 26:25 | Encolar | Villager (Male) |
| 26:40 | Construir | Farm |
| 26:40 | Construir | Farm |
| 26:40 | Construir | Farm |
| 26:46 | Encolar | Monk |
| 26:46 | Encolar | Monk |
| 26:55 | Encolar | Mangonel |
| 26:55 | Encolar | Mangonel |
| 27:02 | Construir | House |
| 27:02 | Encolar | Villager (Male) |
| 27:11 | Construir | House |
| 27:25 | Construir | House |
| 27:28 | Encolar | Mangonel |
| 27:28 | Encolar | Mangonel |
| 27:33 | Construir | Siege Workshop |
| 27:35 | Encolar | Villager (Male) |
| 27:35 | Encolar | Villager (Male) |
| 28:01 | Encolar | Monk |
| 28:01 | Encolar | Monk |
| 28:03 | Construir | House |
| 28:04 | Construir | House |
| 28:13 | Encolar | Villager (Male) |
| 28:13 | Encolar | Villager (Male) |
Build order — Marta
Primeras 150 de 340 acciones detectadas
| 0:01 | Encolar | Villager (Male) ×4 |
| 0:02 | Construir | House |
| 0:03 | Construir | House |
| 1:38 | Encolar | Villager (Male) |
| 1:59 | Encolar | Villager (Male) |
| 1:59 | Encolar | Villager (Male) |
| 2:23 | Construir | Lumber Camp |
| 2:28 | Encolar | Villager (Male) |
| 2:29 | Encolar | Villager (Male) |
| 2:29 | Encolar | Villager (Male) |
| 2:50 | Encolar | Villager (Male) |
| 3:09 | Encolar | Villager (Male) |
| 3:09 | Encolar | Villager (Male) |
| 3:33 | Construir | House |
| 3:37 | Encolar | Villager (Male) |
| 4:00 | Encolar | Villager (Male) |
| 4:26 | Encolar | Villager (Male) |
| 4:26 | Encolar | Villager (Male) |
| 4:47 | Construir | Mill |
| 5:29 | Encolar | Villager (Male) |
| 5:51 | Investigar | Loom |
| 6:24 | Investigar | Feudal Age |
| 6:24 | Investigar | Feudal Age |
| 7:45 | Construir | Barracks |
| 7:52 | Construir | Palisade Wall |
| 7:54 | Construir | House |
| 7:56 | Construir | Palisade Wall |
| 7:58 | Construir | House |
| 8:03 | Construir | House |
| 8:34 | Edad | Edad Feudal |
| 8:37 | Construir | Barracks |
| 8:40 | Construir | Barracks |
| 8:43 | Encolar | Villager (Male) |
| 9:13 | Encolar | Villager (Male) |
| 9:36 | Construir | Archery Range |
| 9:39 | Encolar | Villager (Male) |
| 9:48 | Investigar | Double-Bit Axe |
| 9:48 | Investigar | Double-Bit Axe |
| 9:59 | Construir | Palisade Wall |
| 10:05 | Encolar | Villager (Male) |
| 10:30 | Construir | Mining Camp |
| 10:32 | Encolar | Villager (Male) |
| 10:51 | Encolar | Archer |
| 10:52 | Encolar | Villager (Male) |
| 11:04 | Construir | House |
| 11:17 | Encolar | Villager (Male) |
| 11:39 | Encolar | Archer |
| 11:40 | Encolar | Villager (Male) |
| 11:56 | Encolar | Villager (Male) |
| 12:14 | Encolar | Villager (Male) |
| 12:22 | Construir | Blacksmith |
| 12:29 | Encolar | Villager (Male) |
| 12:36 | Encolar | Archer |
| 12:41 | Construir | Farm |
| 12:42 | Construir | Farm |
| 12:43 | Construir | Farm |
| 12:48 | Construir | Farm |
| 13:04 | Encolar | Villager (Male) |
| 13:06 | Encolar | Archer |
| 13:11 | Construir | House |
| 13:14 | Construir | Palisade Wall |
| 13:30 | Construir | Farm |
| 13:33 | Encolar | Villager (Male) |
| 13:41 | Construir | House |
| 13:42 | Construir | Palisade Wall |
| 13:46 | Investigar | Fletching |
| 13:46 | Investigar | Fletching |
| 13:47 | Encolar | Archer |
| 13:54 | Encolar | Archer |
| 14:06 | Construir | Farm |
| 14:09 | Encolar | Villager (Male) |
| 14:14 | Encolar | Archer |
| 14:22 | Encolar | Villager (Male) |
| 14:31 | Encolar | Archer |
| 14:36 | Construir | Farm |
| 14:42 | Encolar | Villager (Male) |
| 14:52 | Construir | House |
| 14:52 | Construir | Palisade Wall |
| 15:02 | Encolar | Archer |
| 15:16 | Encolar | Villager (Male) |
| 15:43 | Construir | Market |
| 15:57 | Encolar | Villager (Male) |
| 16:13 | Encolar | Villager (Male) |
| 16:22 | Encolar | Archer |
| 16:35 | Encolar | Archer |
| 16:36 | Encolar | Villager (Male) |
| 16:40 | Construir | Farm |
| 16:42 | Construir | Farm |
| 16:42 | Construir | Farm |
| 16:57 | Construir | Farm |
| 17:02 | Encolar | Villager (Male) |
| 17:25 | Construir | Farm |
| 17:33 | Construir | Watch Tower |
| 17:43 | Construir | Watch Tower |
| 17:46 | Encolar | Villager (Male) |
| 17:47 | Construir | Farm |
| 17:53 | Encolar | Villager (Male) |
| 17:59 | Construir | Palisade Wall |
| 18:00 | Construir | Palisade Wall |
| 18:00 | Construir | Palisade Wall |
| 18:00 | Construir | Palisade Wall |
| 18:01 | Construir | Palisade Wall |
| 18:14 | Investigar | Wheelbarrow |
| 18:57 | Construir | Mining Camp |
| 19:12 | Investigar | Castle Age |
| 19:12 | Investigar | Castle Age |
| 19:35 | Encolar | Archer |
| 19:38 | Construir | House |
| 19:40 | Construir | House |
| 20:07 | Encolar | Archer |
| 20:33 | Construir | House |
| 20:34 | Construir | House |
| 20:55 | Encolar | Villager (Male) |
| 21:12 | Encolar | Villager (Male) |
| 21:13 | Construir | Farm |
| 21:23 | Construir | Lumber Camp |
| 21:25 | Construir | Farm |
| 22:11 | Edad | Edad de los Castillos |
| 22:17 | Investigar | Bodkin Arrow |
| 22:17 | Investigar | Bodkin Arrow |
| 22:38 | Construir | Farm |
| 22:39 | Construir | Farm |
| 22:43 | Construir | Watch Tower |
| 22:47 | Encolar | Villager (Male) |
| 22:59 | Investigar | Crossbowman (upgrade) |
| 23:00 | Investigar | Crossbowman (upgrade) |
| 24:19 | Construir | Siege Workshop |
| 24:30 | Construir | Outpost |
| 25:07 | Encolar | Mangonel |
| 25:15 | Encolar | Villager (Male) |
| 25:49 | Encolar | Archer |
| 25:50 | Encolar | Archer |
| 26:14 | Encolar | Villager (Male) |
| 26:20 | Encolar | Archer |
| 26:44 | Encolar | Villager (Male) |
| 26:52 | Encolar | Villager (Male) |
| 27:02 | Encolar | Archer |
| 27:11 | Encolar | Villager (Male) |
| 27:50 | Encolar | Mangonel |
| 27:54 | Encolar | Villager (Male) ×2 |
| 28:04 | Construir | Town Center |
| 28:09 | Construir | Farm |
| 28:47 | Encolar | Villager (Male) |
| 28:47 | Encolar | Villager (Male) |
| 28:51 | Construir | Farm |
| 29:43 | Encolar | Archer |
| 30:03 | Encolar | Villager (Male) |
| 30:05 | Encolar | Archer |
| 30:08 | Encolar | Archer |
| 30:14 | Encolar | Villager (Male) ×4 |
Cronología de la partida
| 4:42 | lapoejs · first_building Barracks |
| 5:37 | lapoejs · wall_segment Palisade Wall x6 |
| 6:34 | lapoejs · wall_segment Palisade Wall x6 |
| 6:36 | lapoejs · wall_segment Palisade Wall x4 |
| 7:45 | Marta · first_building Barracks |
| 7:52 | Marta · wall_segment Palisade Wall x1 |
| 7:56 | Marta · wall_segment Palisade Wall x1 |
| 8:34 | Marta · age_up feudal |
| 8:38 | lapoejs · wall_segment Palisade Wall x7 |
| 9:36 | Marta · first_building Archery Range |
| 9:57 | lapoejs · wall_segment Palisade Wall x5 |
| 9:59 | lapoejs · wall_segment Palisade Wall x4 |
| 9:59 | Marta · wall_segment Palisade Wall x1 |
| 10:00 | lapoejs · wall_segment Palisade Wall x1 |
| 10:04 | lapoejs · wall_segment Palisade Wall x3 |
| 10:05 | lapoejs · wall_segment Palisade Wall x1 |
| 10:09 | lapoejs · wall_segment Palisade Wall x8 |
| 11:18 | lapoejs · wall_segment Palisade Wall x1 |
| 13:14 | Marta · wall_segment Palisade Wall x5 |
| 13:42 | Marta · wall_segment Palisade Wall x11 |
| 14:24 | lapoejs · age_up feudal |
| 14:52 | Marta · wall_segment Palisade Wall x6 |
| 15:13 | lapoejs · first_market_sell 100 stone |
| 15:14 | lapoejs · first_market_buy 100 food |
| 17:55 | lapoejs · age_up castle |
| 17:56 | lapoejs · first_building Siege Workshop |
| 17:59 | lapoejs · first_building Monastery |
| 17:59 | Marta · wall_segment Palisade Wall x1 |
| 18:00 | Marta · wall_segment Palisade Wall x1 |
| 18:00 | Marta · wall_segment Palisade Wall x2 |
| 18:00 | Marta · wall_segment Palisade Wall x1 |
| 18:01 | Marta · wall_segment Palisade Wall x1 |
| 18:09 | Marta · first_market_buy 100 food |
| 22:06 | Marta · first_market_sell 100 food |
| 22:11 | Marta · age_up castle |
| 24:19 | Marta · first_building Siege Workshop |
| 32:12 | Marta · first_building Stable |
| 32:28 | Marta · first_building Castle |
| 37:41 | lapoejs · first_building Archery Range |
| 38:32 | lapoejs · first_building Castle |
| 39:01 | Marta · first_building Monastery |
| 43:05 | Marta · age_up imperial |
| 45:21 | lapoejs · first_building Stable |
| 46:38 | Marta · wall_segment Palisade Wall x1 |
| 46:38 | Marta · wall_segment Palisade Wall x1 |
| 46:38 | Marta · wall_segment Palisade Wall x2 |
| 46:38 | Marta · wall_segment Palisade Wall x1 |
| 46:39 | Marta · wall_segment Palisade Wall x2 |
| 46:39 | Marta · wall_segment Palisade Wall x2 |
| 46:39 | Marta · wall_segment Palisade Wall x1 |
| 46:39 | Marta · wall_segment Palisade Wall x1 |
| 46:40 | Marta · wall_segment Palisade Wall x1 |
| 46:40 | Marta · wall_segment Palisade Wall x1 |
| 46:40 | Marta · wall_segment Palisade Wall x1 |
| 47:59 | lapoejs · age_up imperial |
| 52:42 | Marta · resign |
[ ANÁLISIS IA · 1 CRÉDITO ]
¿Qué pasó realmente en esta partida?
Wolo.gg analiza cada decisión: build order, eco, micro, errores típicos por bracket. Análisis personalizado por WhatsApp o Discord en 30 segundos.
Guía civ
Vietnamitas
Perfil
lapoejs